 Dungeon Sprint DCSS version 0.27-a0-323-gbd089401bb (webtiles) character file.

Game seed: 6747413752308335036

89556516 snetch the Conqueror (level 22, 212/233 HPs)
             Began as a Minotaur Berserker on Feb 10, 2021.
             Was the Champion of Trog.
             Escaped with the Orb
             ... and 17 runes!
             The game lasted 02:27:57 (20436 turns).

snetch the Conqueror (Minotaur Berserker)          Turns: 20436, Time: 02:27:57

Health: 212/233    AC: 45    Str: 30    XL:     22   Next: 67%
Magic:  29/29      EV: 19    Int:  2    God:    Trog [******]
Gold:   923        SH: 42    Dex: 10    Spells: 21/21 levels left

rFire    + + .     SeeInvis +   a - +6 demon whip of Forgiveness {flame, rPois rF+ rN+}
rCold    . . .     Faith    .   H - +10 tower shield of Ignorance {rN+ Int-4}
rNeg     + + +     Spirit   .   g - +9 plate armour
rPois    +         Reflect  +   x - +2 hat {Stlth+}
rElec    .         Harm     .   j - +2 cloak {rCorr}
rCorr    +         Rampage  +   w - +2 pair of gloves
Will     ++...     Rnd*Rage +   l - +2 pair of boots {rampage} Stlth ++........NoTele +
                                T - amulet of Wishful Thinking {Reflect rC+ rN+ SH+5}
HPRegen  0.48/turn              Z - ring of Hospitality {Fire rPois Int+2 Dex-2}
MPRegen  0.21/turn              D - ring "Noc Och" {Will+ SInv}

@: no status effects
A: retaliatory headbutt, horns 2, berserk 1, blurry vision 1, subdued magic 1
0: Orb of Zot
}: 17/17 runes: decaying, serpentine, barnacled, slimy, elven, silver, golden,
iron, obsidian, icy, bone, abyssal, glowing, magical, fiery, dark, gossamer
a: Renounce Religion, Berserk, Trog's Hand, Brothers in Arms


You escaped.
You worshipped Trog.
Trog was exalted by your worship.
You visited 1 branch You collected 1994 gold pieces.
You spent 1071 gold pieces at shops.

Inventory:

Hand Weapons
 a - the +6 demon whip of Forgiveness (weapon) {flame, rPois rF+ rN+}
   (Trog gifted it to you in the Dungeon)

   It has been specially enchanted to burn those struck by it, causing extra
   injury to most foes and up to half again as much damage against particularly
   susceptible opponents.
   It protects you from fire.
   It protects you from poison.
   It protects you from negative energy.
 b - the +5 demon trident "Bupneddu" {flame, Str+4 Int+3}
   (You found it in the Dungeon)

   It has been specially enchanted to burn those struck by it, causing extra
   injury to most foes and up to half again as much damage against particularly
   susceptible opponents.
   It affects your strength (+4).
   It affects your intelligence (+3).
 c - a +3 double sword of flaming
 d - a +3 war axe of freezing
 e - a +2 scimitar of holy wrath
 f - a +9 antimagic morningstar
 i - the +4 battleaxe "Ciotwo" {antimagic, +Inv rPois Str-4}
   (Trog gifted it to you in the Dungeon)

   It reduces the magical energy of the wielder, and disrupts the spells and
   magical abilities of those hit.
   Natural abilities and divine invocations are not affected.
   It affects your strength (-4).
   It protects you from poison.
   It lets you turn invisible.
 m - the +5 double sword of the Blessed Realm {elec, rElec rC+++ Str-2 Stlth+}
   (You found it in the Dungeon)

   Occasionally, upon striking a foe, it can discharge electrical energy and
   cause terrible harm.
   It affects your strength (-2).
   It renders you almost immune to cold.
   It insulates you from electricity.
   It makes you more stealthy.
 p - the +5 demon trident of Coyshasm {drain, rPois Dex+4}
   (You found it in the Dungeon)

   A truly terrible weapon, it drains the life of those it strikes.
   It affects your dexterity (+4).
   It protects you from poison.
 v - the +7 sceptre of Asmodeus
   (You took it off Asmodeus in the Dungeon)
 A - the +6 sword of Cerebov {flame}
   (You took it off Cerebov in the Dungeon)

   It has been specially enchanted to burn those struck by it, causing extra
   injury to most foes and up to half again as much damage against particularly
   susceptible opponents.
   Big, fiery blades are also staple armaments of hydra-hunters.
 M - a +1 antimagic spear
 N - a +3 vorpal trident
 O - the +8 broad axe of the Silent Majority {antimagic, *Noise rN+ Str+2 Int+3}
   (Trog gifted it to you in the Dungeon)

   It reduces the magical energy of the wielder, and disrupts the spells and
   magical abilities of those hit.
   Natural abilities and divine invocations are not affected.
   It affects your strength (+2).
   It affects your intelligence (+3).
   It protects you from negative energy.
   It may make noises in combat.
 P - the +4 staff of Dispater
   (You took it off Dispater in the Dungeon)
 X - a +1 vorpal halberd
Missiles
 o - a throwing net
 y - 15 boomerangs
 z - 8 silver javelins (quivered)
 E - 198 bolts
 F - 8 boomerangs of dispersal
 U - 147 arrows
 Y - 22 javelins
Armour
 g - a +9 plate armour (worn)
 j - a +2 cloak of preservation (worn)
 l - a +2 pair of boots of rampaging (worn)
 w - a +2 pair of gloves (worn)
 x - a +2 hat of stealth (worn)
 H - the +10 tower shield of Ignorance (worn) {rN+ Int-4}
   (You took it off Louise in the Dungeon)

   It affects your intelligence (-4).
   It protects you from negative energy.
Jewellery
 n - the ring "Moxaytem" {Dex+3 Slay+2}
   (You found it in the Dungeon)

   [ring of dexterity]

   It affects your dexterity (+3).
   It affects your accuracy and damage with ranged weapons and melee attacks
   (+2).
 C - a ring of ice
 D - the ring "Noc Och" (right hand) {Will+ SInv}
   (You found it in the Dungeon)

   [ring of willpower]

   It affects your willpower, your defense against some magical effects.
   It lets you see invisible.
 L - a +4 ring of evasion
 Q - a ring of protection from fire
 R - a ring of protection from cold
 S - the ring "Zisicwelev" {rN++ Str+3 Dex-2}
   (You found it in the Dungeon)

   [ring of strength]

   It affects your strength (+3).
   It affects your dexterity (-2).
   It greatly protects you from negative energy.
 T - the amulet of Wishful Thinking (around neck) {Reflect rC+ rN+ SH+5}
   (You found it in the Dungeon)

   [amulet of reflection]

   It shields you and reflects attacks.
   It protects you from cold.
   It protects you from negative energy.
   It affects your SH (+5).
 W - a +6 ring of intelligence
 Z - the ring of Hospitality (left hand) {Fire rPois Int+2 Dex-2}
   (You found it in the Dungeon)

   [ring of fire]

   It enhances your fire magic.
   It affects your intelligence (+2).
   It affects your dexterity (-2).
   It protects you from fire.
   It makes you vulnerable to cold.
   It protects you from poison.
Wands
 k - a wand of iceblast (3)
Scrolls
 h - 2 scrolls of blinking
 r - 6 scrolls of fear
 G - a scroll of brand weapon {unknown}
 I - 4 scrolls of fog
 K - a scroll of enchant weapon
 V - a scroll of immolation {unknown}
Potions
 s - 12 potions of curing
 t - 3 potions of haste
 u - 3 potions of heal wounds
 B - 5 potions of mutation
 J - a potion of attraction
Miscellaneous
 q - the horn of Geryon


   Skills:
 O Level 27 Fighting
 + Level 12.2(20.2) Short Blades
 O Level 27 Long Blades
 O Level 27 Axes
 O Level 27 Maces & Flails
 O Level 27 Polearms
 + Level 13.1(26.7) Staves
 + Level 11.8(22.2) Slings
 + Level 11.8 Bows
 + Level 11.8 Crossbows
 O Level 27 Throwing
 O Level 27 Armour
 O Level 27 Dodging
 O Level 27 Stealth
 O Level 27 Shields
 + Level 11.8 Unarmed Combat
 - Level 1.5 Conjurations
 - Level 1.3 Hexes
 - Level 1.5 Summonings
 - Level 1.7 Necromancy
 - Level 1.7 Translocations
 - Level 1.9 Transmutations
 - Level 1.7 Fire Magic
 - Level 1.7 Ice Magic
 - Level 1.7 Air Magic
 - Level 1.9 Earth Magic
 - Level 1.7 Poison Magic
 + Level 11.0 Invocations
 O Level 27 Evocations


You had 21 spell levels left.
You didn't know any spells.
Your spell library was empty.

Dungeon Overview and Level Annotations

Branches:
Dungeon (1/1)

Altars:
Cheibriados
Dithmenos
Elyvilon
Fedhas
Gozag
Hepliaklqana
Kikubaaqudgha
Makhleb
Nemelex Xobeh
Okawaru
Qazlal
Ru
Sif Muna
Trog
Uskayaw
Vehumet
Wu Jian
Xom
Yredelemnul
Zin
The Shining One
Beogh
Jiyva
Lugonu

Shops:
D !(*[


Innate Abilities, Weirdness & Mutations

You reflexively headbutt those who attack you in melee.
You have a pair of horns on your head.
You tend to lose your temper in combat.
Scrolls take you a little longer to read.
Your spells are a little easier to cast, but a little less powerful.


Message History

An Orb Guardian is nearby!
An Orb Guardian is nearby!
You rampage towards the Orb Guardian!
There is a sparkling altar of Nemelex Xobeh here.
You rampage towards the Orb Guardian!
You block the Orb Guardian's attack.
There is a corrupted altar of Lugonu here.
You thrash the Orb Guardian!! You burn the Orb Guardian.
Your headbutt misses the Orb Guardian.
The Orb Guardian is heavily wounded.
You whack the Orb Guardian! You burn the Orb Guardian.
You headbutt the Orb Guardian!
The Orb Guardian is severely wounded.
You block the Orb Guardian's attack.
You whack the Orb Guardian! You burn the Orb Guardian.
You headbutt the Orb Guardian!
You kill the Orb Guardian!
Trog accepts your kill.
You feel sick.
Your base Staves skill increases to level 13!
Your Invocations skill increases to level 11!
There is an ancient bone altar of Kikubaaqudgha here.
There is a hazy altar of Hepliaklqana here.
You feel sick.
There is an opulent altar of Gozag here.
There is a blossoming altar of Fedhas here.
There is a white marble altar of Elyvilon here.
There is a shadowy altar of Dithmenos here.
You feel sick.
There is a snail-covered altar of Cheibriados here.
There is a roughly hewn altar of Beogh here.
There is an open door to the Temple here.
You feel the effects of Trog's Hand fading.
You feel sick.
You are no longer poisoned.
There is an open door here.
Your skin stops crawling.
You feel less strong-willed.
Magic restored.
There is an open door to the Dungeon here.
There is a staircase leading out of the dungeon here.
You have escaped!

▓.............[.))
▓.▓▓▓▓▓▓▓▓▓▓▓▓▓▓▓▓
▓.................
▓▓▓▓▓▓▓▓▓▓▓▓▓▓▓▓▓▓
▓.......'![.....).
▓.▓▓▓▓▓▓▓▓▓▓▓▓▓▓▓▓
▓.................
▓▓▓▓▓▓▓▓▓▓▓▓▓▓▓▓▓▓
▓@...'.....'.....'
▓▓▓▓▓▓▓▓▓▓▓▓▓▓▓▓▓▓


There were no monsters in sight!

Vanquished Creatures
  Cerebov (D)
  Antaeus (D)
  Ereshkigal (D)
  the Royal Jelly (D)
  Asmodeus (D)
  Lom Lobon (D)
  Mnoleg (D)
  2 seraphim (D)
  Gloorx Vloq (D)
  Dispater (D)
  6 ancient liches (D)
  3 orbs of fire (D)
  8 royal mummies (D)
  Margery (D)
  Xtahua (D)
  Geryon (D)
  3 golden dragons (D)
  Jory (D)
  A bone dragon (D)
  3 electric golems (D)
  A Hell Sentinel (D)
  4 tentacled monstrosities (D)
  An Ice Fiend (D)
  3 deep elf blademasters (D)
  3 liches (D)
  2 deep elf master archers (D)
  24 Orb Guardians (D)
  7 acid blobs (D)
  4 death cobs (D)
  An Executioner (D)
  13 sphinxes (D)
  Gastronok (D)
  6 shadow dragons (D)
  2 tengu reavers (D)
  2 nagarajas (D)
  A fire giant (D)
  2 storm dragons (D)
  A draconian monk (D)
  8 azure jellies (D)
  A daeva (D)
  2 vault wardens (D)
  3 deep elf sorcerers (D)
  3 ghost moths (D)
  Louise (D)
  3 frost giants (D)
  A draconian scorcher (D)
  An angel (D)
  A balrug (D)
  A warmonger (D)
  4 emperor scorpions (D)
  A black sun (D)
  Aizul (D)
  3 reapers (D)
  2 draconian stormcallers (D)
  2 draconian annihilators (D)
  2 ironheart preservers (D)
  7 stone giants (D)
  9 vampire knights (D)
  2 black draconians (D)
  2 deep elf demonologists (D)
  A green draconian (D)
  A deep elf annihilator (D)
  A lorocyproca (D)
  3 red draconians (D)
  3 yellow draconians (D)
  3 purple draconians (D)
  An entropy weaver (D)
  4 white draconians (D)
  2 eleionomae (D)
  A green death (D)
  A deep elf death mage (D)
  2 merfolk javelineers (D)
  8 death oozes (D)
  4 ettins (D)
  3 mummy priests (D)
  3 yaktaur captains (D)
  2 deep elf high priests (D)
  2 merfolk impalers (D)
  A fire dragon (D)
  25 vault guards (D)
  2 great orbs of eyes (D)
  6 ice dragons (D)
  A rakshasa (D)
  A monstrous demonspawn (D)
  3 merfolk avatars (D)
  3 ogre magi (D)
  4 naga warriors (D)
  2 boulder beetles (D)
  8 hydras (D)
  An anaconda (D)
  2 hell beasts (D)
  2 merfolk aquamancers (D)
  A tengu warrior (D)
  2 deep troll earth magi (D)
  2 deep troll shamans (D)
  A shock serpent (shapeshifter) (D)
  12 spriggans (D)
  A naga sharpshooter (D)
  5 hell knights (D)
  A deep elf knight (D)
  4 sun demons (D)
  Nergalle (D)
  A wretched star (D)
  A sixfirhy (D)
  An infernal demonspawn (D)
  2 shadow wraiths (D)
  4 cherubim (D)
  6 swamp dragons (D)
  2 torturous demonspawn (D)
  2 glowing orange brains (D)
  A naga ritualist (D)
  A harpy (D)
  An ugly thing (D)
  A wolf spider (D)
  2 orc knights (D)
  An orb spider (D)
  10 moths of wrath (D)
  5 vault sentinels (D)
  2 naga magi (D)
  A merfolk siren (D)
  A torpor snail (shapeshifter) (D)
  Joseph (D)
  A cane toad (D)
  A cane toad (shapeshifter) (D)
  A komodo dragon (shapeshifter) (D)
  A tormentor (D)
  4 yaktaurs (D)
  A hellwing (D)
  A demonic crawler (D)
  5 jumping spiders (D)
  3 merfolk (D)
  An ancient zyme (D)
  17 guardian mummies (D)
  2 red devils (D)
  A jumping spider (shapeshifter) (D)
  A wandering mushroom (D)
  3 hornets (D)
  3 polar bears (D)
  A slime creature (D)
  2 redbacks (D)
  4 large abominations (D)
  2 tarantellas (D)
  A golden eye (D)
  A neqoxec (D)
  A water moccasin (D)
  An acid dragon (D)
  A floating eye (shapeshifter) (D)
  An orc warrior (D)
  5 black bears (D)
  A wolf (D)
  An eye of draining (D)
  2 boggarts (D)
  2 small abominations (D)
  A hound (D)
  An orc priest (D)
  2 orc wizards (D)
  5 worker ants (D)
  2 adders (D)
  2 white imps (D)
  2 ufetubi (D)
  An ooze (D)
  An adder zombie (D)
  An adder skeleton (D)
  An adder simulacrum (D)
  11 orcs (D)
  A ball python (D)
  A bat zombie (D)
  A hobgoblin (D)
  A ball python zombie (D)
  A frilled lizard (D)
  A quokka skeleton (D)
  2 rats (D)
  7 ball lightnings (D)
476 creatures vanquished.

Vanquished Creatures (collateral kills)
  Sojobo (D)
  2 golden dragons (D)
  7 Orb Guardians (D)
  Frances (D)
  2 storm dragons (D)
  A nagaraja (D)
  2 thorn hunters (D)
  A ghost moth (D)
  A draconian scorcher (D)
  A stone giant (D)
  Nessos (D)
  A black draconian (D)
  2 purple draconians (D)
  A white draconian (D)
  A bunyip (D)
  2 hydras (D)
  3 naga warriors (D)
  A boulder beetle (D)
  A centaur warrior (D)
  A ghost crab (D)
  A deep troll shaman (D)
  A deep troll earth mage (D)
  A spriggan berserker (D)
  7 orc high priests (D)
  A spriggan (D)
  A shock serpent (D)
  An unseen horror (D)
  A sea snake (D)
  A manticore (D)
  9 orc knights (D)
  2 orc sorcerers (D)
  A mana viper (D)
  An ugly thing (D)
  A merfolk siren (D)
  A guardian serpent (D)
  2 naga magi (D)
  4 cane toads (D)
  2 rime drakes (D)
  3 komodo dragons (D)
  A wind drake (D)
  2 merfolk (D)
  A hornet (D)
  2 snapping turtles (D)
  A yak (D)
  A vampire mosquito (D)
  2 nagas (D)
  A water moccasin (D)
  6 orc warriors (D)
  2 bullfrogs (D)
  A bat skeleton (D)
  A leopard gecko skeleton (D)
95 creatures vanquished.

Vanquished Creatures (others)
  Ilsuiw (D)
  A merfolk aquamancer (D)
  27 ball lightnings (D)
29 creatures vanquished.

Grand Total: 600 creatures vanquished

Notes
Turn   | Place    | Note
-------+----------+-------------------------------------------
     0 | D        | snetch the Minotaur Berserker began the quest for the Orb.
     0 | D        | Reached XP level 1. HP: 19/19 MP: 0/0
     9 | D        | Reached ** piety under Trog
    12 | D        | Banished a spatial maelstrom
    13 | D        | Reached XP level 2. HP: 27/28 MP: 1/1
    22 | D        | Reached skill level 5 in Fighting
    23 | D        | Reached *** piety under Trog
    24 | D        | Reached skill level 5 in Maces & Flails
    27 | D        | Reached XP level 3. HP: 37/37 MP: 2/2
    29 | D        | Reached **** piety under Trog
   108 | D        | Found a roughly hewn altar of Beogh.
   108 | D        | Found a snail-covered altar of Cheibriados.
   108 | D        | Found a shadowy altar of Dithmenos.
   108 | D        | Found a white marble altar of Elyvilon.
   108 | D        | Found a blossoming altar of Fedhas.
   108 | D        | Found an opulent altar of Gozag.
   109 | D        | Found a hazy altar of Hepliaklqana.
   110 | D        | Found a viscous altar of Jiyva.
   111 | D        | Found an ancient bone altar of Kikubaaqudgha.
   112 | D        | Found a corrupted altar of Lugonu.
   113 | D        | Found a burning altar of Makhleb.
   114 | D        | Found a sparkling altar of Nemelex Xobeh.
   115 | D        | Found an iron altar of Okawaru.
   116 | D        | Found a stormy altar of Qazlal.
   117 | D        | Found a sacrificial altar of Ru.
   118 | D        | Found a shimmering blue altar of Sif Muna.
   119 | D        | Found a bloodstained altar of Trog.
   120 | D        | Found a hide-covered altar of Uskayaw.
   121 | D        | Found a radiant altar of Vehumet.
   122 | D        | Found an ornate altar of the Wu Jian Council.
   123 | D        | Found a shimmering altar of Xom.
   124 | D        | Found a basalt altar of Yredelemnul.
   125 | D        | Found a glowing silver altar of Zin.
   126 | D        | Found a glowing golden altar of the Shining One.
   221 | D        | Reached XP level 4. HP: 45/45 MP: 3/3
   227 | D        | Reached ***** piety under Trog
   235 | D        | Noticed an orc warrior
   239 | D        | Reached XP level 5. HP: 41/53 MP: 4/4
   241 | D        | Reached skill level 1 in Stealth
   243 | D        | Killed an orc warrior
   244 | D        | Reached skill level 10 in Maces & Flails
   244 | D        | Reached skill level 5 in Armour
   244 | D        | Reached skill level 5 in Dodging
   251 | D        | Reached XP level 6. HP: 43/64 MP: 5/5
   254 | D        | Received a gift from Trog
   512 | D        | Noticed a komodo dragon
   512 | D        | Noticed a cane toad
   512 | D        | Noticed a komodo dragon
   512 | D        | Noticed a water moccasin
   512 | D        | Noticed a cane toad
   513 | D        | Noticed an eight-headed hydra
   515 | D        | Reached skill level 10 in Fighting
   515 | D        | Noticed a rime drake
   517 | D        | Killed a komodo dragon
   518 | D        | Reached XP level 7. HP: 63/73 MP: 6/6
   519 | D        | Killed a cane toad
   521 | D        | Killed a komodo dragon
   522 | D        | Killed a nine-headed hydra
   523 | D        | Reached XP level 8. HP: 75/85 MP: 7/7
   523 | D        | Killed a cane toad
   526 | D        | Killed a rime drake
   527 | D        | Received a gift from Trog
   620 | D        | Noticed a five-headed hydra
   620 | D        | Noticed a cane toad
   620 | D        | Noticed a cane toad
   620 | D        | Noticed a komodo dragon
   620 | D        | Noticed a cane toad
   626 | D        | Killed a one-headed hydra
   627 | D        | Reached skill level 15 in Maces & Flails
   627 | D        | Reached skill level 1 in Polearms
   627 | D        | Reached XP level 9. HP: 9/93 MP: 8/8
   637 | D        | Killed a cane toad
   640 | D        | Killed a cane toad
   642 | D        | Killed a komodo dragon
   643 | D        | Killed a cane toad
   645 | D        | Noticed a rime drake
   649 | D        | Killed a rime drake
   649 | D        | Reached ****** piety under Trog
   650 | D        | Reached skill level 10 in Dodging
   865 | D        | Noticed a polar bear
   865 | D        | Noticed a polar bear
   865 | D        | Noticed a polar bear
   869 | D        | Killed a polar bear
   880 | D        | Killed a polar bear
   881 | D        | Reached skill level 10 in Armour
   887 | D        | Killed a polar bear
   888 | D        | Reached XP level 10. HP: 104/104 MP: 9/9
   903 | D        | Received a gift from Trog
   987 | D        | Noticed Joseph
  1001 | D        | Killed Joseph
  1002 | D        | Reached skill level 15 in Fighting
  1273 | D        | Noticed Gastronok
  1292 | D        | Killed Gastronok
  1419 | D        | Noticed an orc knight
  1433 | D        | Killed an orc knight
  1442 | D        | Received a gift from Trog
  1642 | D        | Noticed an orc knight
  1642 | D        | Noticed an orc high priest
  1646 | D        | Killed an orc knight
  1647 | D        | Reached skill level 5 in Long Blades
  1647 | D        | Noticed an orc knight
  1650 | D        | Noticed an orc sorcerer
  1651 | D        | Killed an orc high priest
  1653 | D        | Killed an orc knight
  1653 | D        | Received a gift from Trog
  1655 | D        | Killed an orc sorcerer
  1656 | D        | Reached XP level 11. HP: 114/114 MP: 10/10
  1656 | D        | Noticed an orc sorcerer
  1661 | D        | Killed an orc sorcerer
  1661 | D        | Received a gift from Trog
  1781 | D        | Found Zischiwk's Distillery.
  1781 | D        | Noticed an orc high priest
  1781 | D        | Noticed an orc knight
  1781 | D        | Noticed an orc knight
  1781 | D        | Noticed an orc high priest
  1781 | D        | Noticed an orc knight
  1785 | D        | Killed an orc high priest
  1787 | D        | Noticed an orc high priest
  1787 | D        | Killed an orc knight
  1788 | D        | Found Zoosad's Antique Weapon Shoppe.
  1788 | D        | Noticed an orc high priest
  1790 | D        | Killed an orc knight
  1791 | D        | Killed an orc high priest
  1792 | D        | Killed an orc knight
  1792 | D        | Received a gift from Trog
  1794 | D        | Noticed an orc knight
  1794 | D        | Killed an orc high priest
  1795 | D        | Found Gyojeaga's Assorted Antiques.
  1795 | D        | Noticed an orc high priest
  1796 | D        | Noticed a sun demon
  1798 | D        | Killed an orc high priest
  1801 | D        | Killed an orc knight
  1802 | D        | Found Umucw's Antique Armour Shoppe.
  1802 | D        | Noticed an orc knight
  1803 | D        | Killed an orc high priest
  1804 | D        | Noticed an orc knight
  1806 | D        | Noticed an orc high priest
  1807 | D        | Noticed an orc knight
  1811 | D        | Killed an orc knight
  1812 | D        | Killed an orc knight
  1812 | D        | Received a gift from Trog
  1815 | D        | Killed an orc high priest
  1817 | D        | Killed an orc knight
  1818 | D        | Reached skill level 5 in Polearms
  1838 | D        | Bought a scroll labelled OTEGOI FUPLYL for 22 gold pieces
  1838 | D        | Bought a scroll labelled OTEGOI FUPLYL for 22 gold pieces
  1838 | D        | Bought a diamond ring for 110 gold pieces
  1838 | D        | Bought a white potion for 19 gold pieces
  1838 | D        | Bought a scroll labelled RUEDWUIDOTZ for 22 gold pieces
  1962 | D        | Bought a potion of curing for 33 gold pieces
  1962 | D        | Bought a potion of heal wounds for 55 gold pieces
  1962 | D        | Bought a potion of resistance for 110 gold pieces
  1962 | D        | Bought a potion of mutation for 88 gold pieces
  1962 | D        | Bought a potion of ambrosia for 88 gold pieces
  1962 | D        | Bought a potion of might for 44 gold pieces
  2258 | D        | Noticed a boulder beetle
  2258 | D        | Noticed a cyan ugly thing
  2258 | D        | Noticed a centaur warrior
  2262 | D        | Killed a boulder beetle
  2266 | D        | Killed a cyan ugly thing
  2268 | D        | Killed a centaur warrior
  2268 | D        | Noticed a stone giant
  2270 | D        | Received a gift from Trog
  2270 | D        | Noticed a vampire knight
  2274 | D        | Killed an unseen horror
  2277 | D        | Killed a stone giant
  2277 | D        | Noticed a tengu warrior
  2290 | D        | Killed a vampire knight
  2290 | D        | Received a gift from Trog
  2294 | D        | Killed a tengu warrior
  2384 | D        | Noticed a deep troll shaman
  2385 | D        | Noticed a purple ugly thing
  2386 | D        | Noticed an ogre mage
  2400 | D        | Killed a deep troll shaman
  2401 | D        | Reached skill level 15 in Armour
  2401 | D        | Reached XP level 12. HP: 96/127 MP: 11/11
  2410 | D        | Killed an ogre mage
  2410 | D        | Received a gift from Trog
  2504 | D        | Noticed Frances
  2521 | D        | Killed Frances
  2852 | D        | Noticed Nergalle
  2864 | D        | Killed Nergalle
  2897 | D        | Noticed Aizul
  2923 | D        | Killed Aizul
  3344 | D        | Received a gift from Trog
  3345 | D        | Reached skill level 5 in Stealth
  3369 | D        | Reached skill level 10 in Polearms
  3462 | D        | Noticed an anaconda
  3462 | D        | Noticed a naga warrior
  3462 | D        | Noticed a naga warrior
  3465 | D        | Received a gift from Trog
  3467 | D        | Killed an anaconda
  3469 | D        | Killed a naga warrior
  3471 | D        | Killed a naga warrior
  3480 | D        | Received a gift from Trog
  3684 | D        | Noticed an entropy weaver
  3698 | D        | Killed an entropy weaver
  3711 | D        | Received a gift from Trog
  3907 | D        | Reached XP level 13. HP: 138/138 MP: 12/12
  3913 | D        | Noticed a thorn hunter
  3913 | D        | Noticed an eleionoma
  3913 | D        | Noticed a thorn hunter
  3921 | D        | Killed an eleionoma
  3923 | D        | Noticed an eleionoma
  3927 | D        | Killed a thorn hunter
  3928 | D        | Noticed a bunyip
  3931 | D        | Received a gift from Trog
  3933 | D        | Killed a bunyip
  3937 | D        | Killed a thorn hunter
  3942 | D        | Received a gift from Trog
  3943 | D        | Killed an eleionoma
  3945 | D        | Noticed Nessos
  3948 | D        | Killed Nessos
  3949 | D        | Reached skill level 15 in Polearms
  4232 | D        | Noticed a sphinx
  4232 | D        | Noticed a frost giant
  4232 | D        | Noticed an ettin
  4241 | D        | Noticed a fire giant
  4244 | D        | Killed a sphinx
  4251 | D        | Killed a frost giant
  4251 | D        | Received a gift from Trog
  4251 | D        | Noticed a golden dragon
  4273 | D        | Killed an ettin
  4290 | D        | Killed a fire giant
  4291 | D        | Reached skill level 15 in Dodging
  4296 | D        | Killed a golden dragon
  4329 | D        | Noticed a stone giant
  4342 | D        | Killed a stone giant
  4344 | D        | Received a gift from Trog
  4346 | D        | Noticed an ettin
  4452 | D        | Killed an ettin
  4488 | D        | Paralysed by a great orb of eyes for 2 turns
  4814 | D        | Noticed a vault warden
  4818 | D        | Received a gift from Trog
  4824 | D        | Killed a vault warden
  4825 | D        | Reached XP level 14. HP: 135/151 MP: 13/13
  4841 | D        | Received a gift from Trog
  4866 | D        | Noticed a vault warden
  4867 | D        | Received a gift from Trog
  4872 | D        | Noticed a stone giant
  4882 | D        | Killed a vault warden
  4896 | D        | Killed a stone giant
  4904 | D        | Received a gift from Trog
  5113 | D        | Got a steaming halberd {god gift}
  5136 | D        | Identified the +7 halberd "Popaygh" {vorpal, rC+ Str+5}
                  | (Trog gifted it to you in the Dungeon)
  5144 | D        | Got a masterwork bardiche {god gift}
  5148 | D        | Lost intelligence.
  5148 | D        | Identified the +1 bardiche of Agnosticism {flame, rC+ rN+
                  | Int-5} (Trog gifted it to you in the Dungeon)
  5256 | D        | Noticed Sojobo
  5256 | D        | Noticed a tengu reaver
  5257 | D        | Noticed a tengu reaver
  5278 | D        | Killed Sojobo
  5295 | D        | Killed a tengu reaver
  5304 | D        | Killed a tengu reaver
  5495 | D        | Found the +8 storm bow {elec, penet}
  6022 | D        | Bought a pitted tower shield for 256 gold pieces
  6029 | D        | Identified the +3 tower shield "Nuorchom" {rN+ Will+} (You
                  | bought it in a shop in the Dungeon)
  6415 | D        | Got the +3 broad axe of Tamoskets {freeze, Fragile rPois
                  | rC+ Dex+9}
  6479 | D        | Noticed Louise
  6506 | D        | Killed Louise
  6506 | D        | Received a gift from Trog
  6507 | D        | Reached skill level 1 in Axes
  6615 | D        | Noticed Ilsuiw
  6619 | D        | Reached skill level 1 in Shields
  6628 | D        | Received a gift from Trog
  6641 | D        | Killed Ilsuiw
  6655 | D        | Reached skill level 5 in Axes
  6667 | D        | Received a gift from Trog
  6677 | D        | Reached skill level 5 in Shields
  6698 | D        | Got a barnacled rune of Zot
  6733 | D        | Noticed a nagaraja
  6741 | D        | Killed a nagaraja
  6741 | D        | Received a gift from Trog
  6746 | D        | Reached skill level 10 in Axes
  6750 | D        | Noticed a nagaraja
  6756 | D        | Noticed a nagaraja
  6761 | D        | Killed a nagaraja
  6761 | D        | Received a gift from Trog
  6762 | D        | Reached XP level 15. HP: 152/162 MP: 14/14
  6768 | D        | Killed a nagaraja
  6791 | D        | Received a gift from Trog
  6795 | D        | Got a serpentine rune of Zot
  6973 | D        | Reached skill level 10 in Shields
  6975 | D        | Reached skill level 1 in Throwing
  6989 | D        | Noticed a ghost moth
  6991 | D        | Killed a ghost moth
  6991 | D        | Received a gift from Trog
  7135 | D        | Noticed a ghost moth
  7135 | D        | Noticed a ghost moth
  7137 | D        | Killed a ghost moth
  7141 | D        | Killed a ghost moth
  7149 | D        | Got a gossamer rune of Zot
  7259 | D        | Received a gift from Trog
  7295 | D        | Received a gift from Trog
  7300 | D        | Reached skill level 15 in Shields
  7313 | D        | Reached skill level 10 in Long Blades
  7322 | D        | Got a decaying rune of Zot
  7553 | D        | Received a gift from Trog
  7592 | D        | Noticed Margery
  7613 | D        | Received a gift from Trog
  7622 | D        | Killed Margery
  7623 | D        | Reached skill level 1 in Evocations
  7744 | D        | Received a gift from Trog
  7797 | D        | Reached XP level 16. HP: 176/176 MP: 15/15
  7829 | D        | Received a gift from Trog
  7830 | D        | Reached skill level 5 in Throwing
  7866 | D        | Received a gift from Trog
  7915 | D        | Received a gift from Trog
  8055 | D        | Noticed a shadow dragon
  8056 | D        | Received a gift from Trog
  8071 | D        | Noticed a shadow dragon
  8090 | D        | Killed a shadow dragon
  8095 | D        | Received a gift from Trog
  8103 | D        | Killed a shadow dragon
  8124 | D        | Received a gift from Trog
  8171 | D        | Got an ichor-stained demon whip {god gift}
  8203 | D        | Identified the +6 demon whip of Forgiveness {flame, rPois
                  | rF+ rN+} (Trog gifted it to you in the Dungeon)
  8923 | D        | Bought a pair of embroidered boots for 202 gold pieces
  9622 | D        | Noticed a shadow dragon
  9622 | D        | Noticed a shadow dragon
  9622 | D        | Noticed a lich
  9622 | D        | Noticed a shadow dragon
  9635 | D        | Noticed a shadow dragon
  9637 | D        | Killed a shadow dragon
  9642 | D        | Killed a shadow dragon
  9650 | D        | Killed a lich
  9656 | D        | Received a gift from Trog
  9671 | D        | Killed a shadow dragon
  9687 | D        | Killed a shadow dragon
  9694 | D        | Got a silver rune of Zot
  9703 | D        | Got a tiger eye-encrusted chain mail
  9707 | D        | Got a translucent long sword
  9718 | D        | Identified the +8 long sword of the Spinneret {vorpal,
                  | Dex+2} (You found it in the Dungeon)
  9736 | D        | Identified the +2 chain mail of Time Monsters {Harm *Slow
                  | Int+9} (You found it in the Dungeon)
  9840 | D        | Noticed Xtahua
  9861 | D        | Killed Xtahua
  9862 | D        | Reached skill level 27 in Fighting
  9933 | D        | Got the ring "Moxaytem" {Dex+3 Slay+2}
  9935 | D        | Got the ring "Noc Och" {Will+ SInv}
  9937 | D        | Got the ring "Zisicwelev" {rN++ Str+3 Dex-2}
  9939 | D        | Got the amulet of Wishful Thinking {Reflect rC+ rN+ SH+5}
  9941 | D        | Got the ring of Hospitality {Fire rPois Int+2 Dex-2}
 10126 | D        | Got the +5 demon trident "Bupneddu" {flame, Str+4 Int+3}
 10143 | D        | Got the +5 double sword of the Blessed Realm {elec, rElec
                  | rC+++ Str-2 Stlth+}
 10145 | D        | Got the +5 demon trident of Coyshasm {drain, rPois Dex+4}
 10307 | D        | Noticed Jory
 10323 | D        | Killed Jory
 10336 | D        | Noticed a tentacled monstrosity
 10341 | D        | Received a gift from Trog
 10346 | D        | Killed a tentacled monstrosity
 10351 | D        | Reached XP level 17. HP: 186/191 MP: 16/16
 10408 | D        | Noticed a bone dragon
 10408 | D        | Noticed a golden dragon
 10429 | D        | Killed a bone dragon
 10450 | D        | Killed a golden dragon
 10454 | D        | Received a gift from Trog
 10484 | D        | Reached skill level 27 in Shields
 10501 | D        | Received a gift from Trog
 10704 | D        | Reached skill level 15 in Axes
 10719 | D        | Reached skill level 15 in Long Blades
 10926 | D        | Noticed a golden dragon
 10927 | D        | Noticed a tentacled monstrosity
 10952 | D        | Killed a golden dragon
 10952 | D        | Received a gift from Trog
 10956 | D        | Killed a tentacled monstrosity
 11066 | D        | Noticed a tentacled monstrosity
 11078 | D        | Killed a tentacled monstrosity
 11078 | D        | Received a gift from Trog
 11081 | D        | Noticed a tentacled monstrosity
 11103 | D        | Killed a tentacled monstrosity
 11116 | D        | Received a gift from Trog
 11198 | D        | Received a gift from Trog
 11220 | D        | Received a gift from Trog
 11437 | D        | Noticed an Orb Guardian
 11437 | D        | Noticed an Orb Guardian
 11437 | D        | Noticed an Orb Guardian
 11437 | D        | Noticed an Orb Guardian
 11437 | D        | Noticed an Orb Guardian
 11437 | D        | Noticed an Orb Guardian
 11441 | D        | Killed an Orb Guardian
 11447 | D        | Killed an Orb Guardian
 11449 | D        | Killed an Orb Guardian
 11450 | D        | Reached XP level 18. HP: 200/200 MP: 17/17
 11455 | D        | Killed an Orb Guardian
 11458 | D        | Killed an Orb Guardian
 11463 | D        | Killed an Orb Guardian
 11463 | D        | Received a gift from Trog
 11464 | D        | Got an ancient broad axe {god gift}
 11465 | D        | Identified the +8 broad axe of the Silent Majority
                  | {antimagic, *Noise rN+ Str+2 Int+3} (Trog gifted it to you
                  | in the Dungeon)
 11467 | D        | Noticed an Orb Guardian
 11468 | D        | Noticed an Orb Guardian
 11468 | D        | Noticed an Orb Guardian
 11469 | D        | Noticed an Orb Guardian
 11477 | D        | Killed an Orb Guardian
 11478 | D        | Reached skill level 27 in Polearms
 11484 | D        | Killed an Orb Guardian
 11488 | D        | Killed an Orb Guardian
 11496 | D        | Killed an Orb Guardian
 11504 | D        | Noticed an Orb Guardian
 11504 | D        | Noticed an Orb Guardian
 11504 | D        | Noticed a golden dragon
 11507 | D        | Noticed an Orb Guardian
 11524 | D        | Killed an Orb Guardian
 11531 | D        | Killed an Orb Guardian
 11531 | D        | Noticed an Orb Guardian
 11535 | D        | Killed a golden dragon
 11540 | D        | Killed an Orb Guardian
 11544 | D        | Killed an Orb Guardian
 11559 | D        | Noticed an ancient lich
 11574 | D        | Killed an ancient lich
 11574 | D        | Received a gift from Trog
 11575 | D        | Reached skill level 27 in Maces & Flails
 11713 | D        | Noticed an orb of fire
 11713 | D        | Gained mutation: Your spells are a little easier to cast,
                  | but a little less powerful. [an orb of fire]
 11719 | D        | Gained mutation: You tend to lose your temper in combat.
                  | [an orb of fire]
 11724 | D        | Killed an orb of fire
 11821 | D        | Noticed an electric golem
 11836 | D        | Killed an electric golem
 11980 | D        | Noticed an Orb Guardian
 11980 | D        | Noticed an Orb Guardian
 11980 | D        | Noticed a golden dragon
 11980 | D        | Noticed an ancient lich
 11985 | D        | Noticed an orb of fire
 11995 | D        | Killed an Orb Guardian
 11999 | D        | Noticed an orb of fire
 12008 | D        | Killed an Orb Guardian
 12017 | D        | Killed an ancient lich
 12027 | D        | Gained mutation: Scrolls take you a little longer to read.
                  | [an orb of fire]
 12037 | D        | Killed an orb of fire
 12039 | D        | HP: 2/200 [orb of fire/bolt of fire (36)]
 12041 | D        | Noticed an electric golem
 12056 | D        | Killed an orb of fire
 12066 | D        | Killed a golden dragon
 12067 | D        | Reached skill level 27 in Armour
 12074 | D        | Noticed an ancient lich
 12084 | D        | Killed an electric golem
 12084 | D        | Received a gift from Trog
 12085 | D        | Reached XP level 19. HP: 50/207 MP: 14/18
 12085 | D        | Noticed an electric golem
 12085 | D        | Noticed an ancient lich
 12086 | D        | Noticed an ancient lich
 12099 | D        | Killed an ancient lich
 12100 | D        | Reached skill level 15 in Throwing
 12106 | D        | Killed an ancient lich
 12114 | D        | Killed an ancient lich
 12114 | D        | Received a gift from Trog
 12128 | D        | Killed an electric golem
 12129 | D        | Reached skill level 27 in Axes
 12364 | D        | Reached skill level 10 in Stealth
 12511 | D        | Reached skill level 5 in Evocations
 12590 | D        | Noticed an ancient lich
 12599 | D        | Killed an ancient lich
 12601 | D        | Received a gift from Trog
 12628 | D        | Received a gift from Trog
 12637 | D        | Received a gift from Trog
 12806 | D        | Received a gift from Trog
 12866 | D        | Noticed a Brimstone Fiend
 12883 | D        | Received a gift from Trog
 12884 | D        | Reached XP level 20. HP: 138/216 MP: 19/19
 12898 | D        | Received a gift from Trog
 12908 | D        | Received a gift from Trog
 12930 | D        | Got an elven rune of Zot
 13112 | D        | Received a gift from Trog
 13124 | D        | Reached skill level 27 in Throwing
 13124 | D        | Reached skill level 15 in Stealth
 13136 | D        | Received a gift from Trog
 13137 | D        | Noticed the Royal Jelly
 13159 | D        | Killed the Royal Jelly
 13177 | D        | Received a gift from Trog
 13198 | D        | Got a slimy rune of Zot
 13547 | D        | Received a gift from Trog
 13565 | D        | Received a gift from Trog
 13573 | D        | Received a gift from Trog
 13589 | D        | Received a gift from Trog
 13779 | D        | Reached skill level 27 in Dodging
 13803 | D        | Received a gift from Trog
 13997 | D        | Noticed a royal mummy
 14005 | D        | Reached skill level 10 in Evocations
 14015 | D        | Noticed a royal mummy
 14023 | D        | Killed a royal mummy
 14024 | D        | Reached skill level 27 in Long Blades
 14028 | D        | Received a gift from Trog
 14036 | D        | Killed a royal mummy
 14443 | D        | Noticed a royal mummy
 14443 | D        | Noticed a royal mummy
 14443 | D        | Noticed a royal mummy
 14443 | D        | Noticed a royal mummy
 14443 | D        | Noticed a royal mummy
 14570 | D        | Killed a royal mummy
 14571 | D        | Reached XP level 21. HP: 124/224 MP: 20/20
 14611 | D        | Received a gift from Trog
 14612 | D        | Got a shimmering battleaxe {god gift}
 14692 | D        | Killed a royal mummy
 14781 | D        | Killed a royal mummy
 14809 | D        | Killed a royal mummy
 14846 | D        | Killed a royal mummy
 14846 | D        | Received a gift from Trog
 14922 | D        | Noticed a royal mummy
 14939 | D        | Killed a royal mummy
 15245 | D        | Got a golden rune of Zot
 15255 | D        | Received a gift from Trog
 15269 | D        | Got an abyssal rune of Zot
 15467 | D        | Noticed Geryon
 15484 | D        | Killed Geryon
 15487 | D        | Noticed Ereshkigal
 15487 | D        | Noticed Lom Lobon
 15488 | D        | Noticed Antaeus
 15634 | D        | Killed Ereshkigal
 15635 | D        | Reached skill level 27 in Stealth
 16082 | D        | Found the +7 sceptre of Asmodeus
 16082 | D        | Noticed Asmodeus
 16458 | D        | Killed Asmodeus
 16458 | D        | Received a gift from Trog
 16564 | D        | Identified the +4 battleaxe "Ciotwo" {antimagic, +Inv rPois
                  | Str-4} (Trog gifted it to you in the Dungeon)
 16726 | D        | Noticed Gloorx Vloq
 17201 | D        | Killed Lom Lobon
 17453 | D        | Killed Gloorx Vloq
 17500 | D        | Found the +4 staff of Dispater
 17500 | D        | Noticed Dispater
 17643 | D        | Killed Antaeus
 17979 | D        | Killed Dispater
 18048 | D        | Found the +6 sword of Cerebov {flame}
 18048 | D        | Noticed Cerebov
 18163 | D        | Killed Cerebov
 18164 | D        | Reached XP level 22. HP: 233/233 MP: 7/21
 18240 | D        | Got a bone rune of Zot
 18244 | D        | Got a magical rune of Zot
 18248 | D        | Got an icy rune of Zot
 18252 | D        | Got an obsidian rune of Zot
 18256 | D        | Got a dark rune of Zot
 18258 | D        | Noticed Mnoleg
 18285 | D        | Killed Mnoleg
 18286 | D        | Reached skill level 27 in Evocations
 18298 | D        | Got a glowing rune of Zot
 18302 | D        | Got a fiery rune of Zot
 18306 | D        | Got an iron rune of Zot
 18719 | D        | Got the Orb of Zot
 18883 | D        | Reached skill level 1 in Conjurations
 18883 | D        | Reached skill level 1 in Hexes
 18883 | D        | Reached skill level 1 in Summonings
 18883 | D        | Reached skill level 1 in Necromancy
 18883 | D        | Reached skill level 1 in Translocations
 18883 | D        | Reached skill level 1 in Transmutations
 18883 | D        | Reached skill level 1 in Fire Magic
 18883 | D        | Reached skill level 1 in Ice Magic
 18883 | D        | Reached skill level 1 in Air Magic
 18883 | D        | Reached skill level 1 in Earth Magic
 18883 | D        | Reached skill level 1 in Poison Magic
 19178 | D        | Noticed a seraph
 19210 | D        | Killed a seraph
 19211 | D        | Reached skill level 5 in Slings
 19211 | D        | Reached skill level 5 in Bows
 19211 | D        | Reached skill level 5 in Crossbows
 19211 | D        | Reached skill level 5 in Unarmed Combat
 19211 | D        | Reached skill level 5 in Invocations
 19216 | D        | Received a gift from Trog
 19423 | D        | Received a gift from Trog
 19508 | D        | Noticed a seraph
 19542 | D        | Killed a seraph
 19543 | D        | Reached skill level 10 in Staves
 19555 | D        | Received a gift from Trog
 19699 | D        | Reached skill level 10 in Short Blades
 19738 | D        | Reached skill level 10 in Slings
 19743 | D        | Reached skill level 10 in Bows
 19743 | D        | Reached skill level 10 in Crossbows
 19743 | D        | Reached skill level 10 in Unarmed Combat
 19833 | D        | Received a gift from Trog
 19943 | D        | Reached skill level 10 in Invocations
 20034 | D        | Received a gift from Trog
 20322 | D        | Received a gift from Trog
 20436 | D        | Escaped with the Orb!

Illustrated notes

Levels and vault maps discovered:
D:        linesprint [early_d, line_temple, items_1, d_10, items_2, lair_1,
          lair_end, items_3, orc_1, orc_end, items_4, d_15, swamp_1, shoals_1,
          snake_1, spider_1, d_20, vaults_1, items_5, swamp_end, shoals_end,
          snake_end, spider_end, vaults_end, d_27, items_6, zot_1, zot_end,
          crypt_end, forest_end, elf_end, slime_end, tomb_end, abyss_end,
          pan_hell_end]

Skill      XL: |  1  2  3  4  5  6  7  8  9 10 11 12 13 14 15 16 17 18 19 20 21 22 |
---------------+-------------------------------------------------------------------+-----
Fighting       | 4 6 7 9 10 12 13 14 16 18 19 21 22 24 27 | 27.0
Maces & Flails | 4 6 7 8 10 12 14 15 17 18 19 20 21 25 27 | 27.0
Armour         | 3 4 5 6 7 8 10 12 15 17 19 21 22 23 24 27 | 27.0
Dodging        | 3 4 5 6 8 9 10 11 12 13 15 17 18 19 20 23 27 | 27.0
Stealth        | 1 2 3 4 5 6 7 14 22 27 | 27.0
Long Blades    | 2 3 5 6 12 13 18 21 23 27 | 27.0
Polearms       | 1 2 3 6 12 19 21 22 24 26 27 | 27.0
Axes           | 11 13 18 25 27 | 27.0
Shields        | 7 18 25 27 | 27.0
Throwing       | 4 6 14 25 27 | 27.0
Evocations     | 2 3 5 11 26 27 | 27.0
Short Blades   | 12 | 12.2
Staves         | 13 | 13.1
Slings         | 11 | 11.8
Bows           | 11 | 11.8
Crossbows      | 11 | 11.8
Unarmed Combat | 11 | 11.8
Conjurations   | 1 |  1.5
Hexes          | 1 |  1.3
Summonings     | 1 |  1.5
Necromancy     | 1 |  1.7
Translocations | 1 |  1.7
Transmutations | 1 |  1.9
Fire Magic     | 1 |  1.7
Ice Magic      | 1 |  1.7
Air Magic      | 1 |  1.7
Earth Magic    | 1 |  1.9
Poison Magic   | 1 |  1.7
Invocations    | 11 | 11.0

Action                   |  1- 3 |  4- 6 |  7- 9 | 10-12 | 13-15 | 16-18 | 19-21 | 22-24 || total
-------------------------+-------+-------+-------+-------+-------+-------+-------+-------++-------
Melee: Mace              |    15 |       |       |       |       |       |       |       ||    15
       Headbutt          |     4 |     8 |     8 |    37 |   129 |   210 |   231 |    66 ||   693
       Dire flail        |     6 |    26 |    26 |   104 |       |       |       |       ||   162
       Halberd           |       |       |     4 |       |    27 |       |       |       ||    31
       Demon blade       |       |       |     5 |       |       |       |       |       ||     5
       Glaive            |       |       |       |   109 |   144 |       |       |       ||   253
       Broad axe         |       |       |       |       |   125 |    33 |       |       ||   158
       Demon trident     |       |       |       |       |   143 |   326 |       |       ||   469
       Double sword      |       |       |       |       |    62 |    31 |    37 |       ||   130
       Demon whip        |       |       |       |       |       |   301 |   645 |     9 ||   955
       War axe           |       |       |       |       |       |    37 |       |       ||    37
       Morningstar       |       |       |       |       |       |    10 |   208 |   289 ||   507
       Scimitar          |       |       |       |       |       |       |    40 |       ||    40
Throw: Javelin           |       |       |       |       |    12 |     6 |    25 |     2 ||    45
Invok: Berserk           |     1 |       |       |     6 |     5 |     2 |     4 |     2 ||    20
       Brothers in Arms  |       |     1 |     1 |     7 |     9 |    15 |     4 |       ||    37
       Trog's Hand       |       |       |     2 |     3 |     9 |     3 |    11 |    11 ||    39
Evoke: Wand              |       |       |       |       |     3 |     1 |     3 |       ||     7
  Use: Scroll            |       |     1 |       |     2 |     4 |     1 |    15 |       ||    23
       Potion            |       |       |       |       |     1 |     7 |     3 |     4 ||    15
 Stab: Sleeping          |     1 |       |       |       |       |       |     4 |     1 ||     6
       Distracted        |       |       |       |       |     1 |     1 |     3 |       ||     5
       Invisible         |       |       |       |       |       |     3 |       |       ||     3
Armor: Animal skin       |     1 |       |       |       |       |       |       |       ||     1
       Scale mail        |     4 |     5 |    15 |    17 |       |       |       |       ||    41
       Chain mail        |       |       |       |    65 |   152 |     6 |       |       ||   223
       Shadow dragon sca |       |       |       |       |       |    11 |       |       ||    11
       Plate armour      |       |       |       |       |       |    44 |   126 |    18 ||   188
Dodge: Dodged            |     8 |    19 |    29 |   149 |   154 |    66 |    90 |    18 ||   533
Block: Tower shield      |       |       |       |       |   365 |   473 |   494 |   231 ||  1563
       Reflection        |       |       |       |       |       |     3 |     5 |     5 ||    13
       Other             |       |       |       |       |       |       |     9 |       ||     9
       Rpst.: Demon blade |       |       |     2 |       |       |       |       |       ||     2
       Double sword      |       |       |       |       |     6 |       |       |       ||     6

Table legend: (Time is in decaauts) A = Elapsed time spent in this place. B = Non-inter-level travel time spent in this place. C = Inter-level travel time spent in this place. D = Time resting spent in this place. E = Time spent auto-exploring this place. F = Levels seen in this place. G = Mean time per level. A B C D E F G +--------+--------+--------+--------+--------+-----+--------+ Total | 19690 | 16774 | 2916 | 3772 | 6765 | 1 | 19690.0 | Dungeon | 19690 | 16774 | 2916 | 3772 | 6765 | 1 | 19690.0 | +--------+--------+--------+--------+--------+-----+--------+

Top non-repeatable levels by time:
       D: 19690 daAuts
